 Dungeon Crawl Stone Soup version 0.31.0-11-ge490571c62 (webtiles) character file.

Game seed: 4927555050061648465

9 browni3141 the Trooper (level 2, 24/24 HPs)
             Began as a Demonspawn Cinder Acolyte on Jan 31, 2024.
             Was a High Priest of Ignis.
             Got out of the dungeon alive.
             The game lasted 00:00:07 (742 turns).

browni3141 the Trooper (Demonspawn Cinder Acolyte)   Turns: 742, Time: 00:00:08

Health: 24/24      AC:  2    Str: 14    XL:     2   Next: 3%
Magic:  3/3        EV: 11    Int: 14    God:    Ignis [*****.]
Gold:   8          SH:  4    Dex:  8    Spells: 3/3 levels left

rFire   + . .        a - -1 mace (flame)
rCold   . . .        (no shield)
rNeg    . . .        b - +0 robe
rPois   .            (no helmet)
rElec   .            (no cloak)
rCorr   .            (no gloves)
SInv    .            (no boots)
Will    .....        (no amulet)
Stlth   +            (no ring)
HPRegen 0.24/turn    (no ring)
MPRegen 0.08/turn

%: no passive effects
@: no status effects
A: condensation shield
a: Renounce Religion, Fiery Armour, Foxfire Swarm, Rising Flame


You escaped.
You worshipped Ignis.
Ignis was extremely pleased with you.
You visited 1 branch of the dungeon, and saw 1 of its levels.

You collected 8 gold pieces.

Inventory:

Hand Weapons
 a - a -1 mace of flaming (weapon)
Armour
 b - a +0 robe (worn)
Scrolls
 c - 2 scrolls of identify {unknown}
 d - a scroll of enchant armour {unknown}
Potions
 e - a potion of lignification {unknown}


   Skills:
 + Level 3.1 Fighting
 + Level 2.8 Maces & Flails
 + Level 1.2 Spellcasting
 + Level 2.8 Fire Magic


You had 3 spell levels left.
You didn't know any spells.
Your spell library contained the following spells:

 Spells                   Type           Power      Damage    Failure   Level
 Scorch                   Fire           16%        2d5       12%         2


Dungeon Overview and Level Annotations

Branches:
Dungeon (1/15)

Altars:


Innate Abilities, Weirdness & Mutations

A meltable shield of frost defends you. (SH +4)


Message History

You hit the kobold. You burn the kobold.
You kill the kobold!
HP restored.
Things that are here:
a +0 whip; a kobold corpse A kobold comes into view.
It is wielding a +0 dagger.
The kobold shouts!
The kobold moves out of view.
No target in view!
A kobold is nearby!
A kobold is nearby!
You hit the kobold but do no damage. The kobold hits you with a +0 dagger.
A kobold is nearby!
You hit the kobold. You burn the kobold.
You kill the kobold!
Things that are here:
a +0 dagger; a kobold corpse
Found a stone staircase leading down.
No target in view!
A dart slug comes into view.
A dart slug is nearby!
A dart slug is nearby!
A dart slug is nearby!
You hit the dart slug. You burn the dart slug.
The dart slug is heavily wounded.
The dart slug barely misses you.
A dart slug is nearby!
You hit the dart slug but do no damage.
The dart slug is heavily wounded.
The dart slug misses you.
A dart slug is nearby!
You hit the dart slug but do no damage.
The dart slug is heavily wounded.
The dart slug bites you.
You hit the dart slug. You burn the dart slug.
You kill the dart slug!
A goblin comes into view. It is wielding a +0 club.
The goblin shouts!
You see here a dart slug corpse.
A goblin is nearby!
Found a stone staircase leading down.
A goblin is nearby!
The goblin hits you with a +0 club.
You hit the goblin. You burn the goblin.
The goblin is severely wounded.
The goblin closely misses you.
A goblin is nearby!
You sock the goblin! You burn the goblin.
You kill the goblin!
You see here a dart slug corpse.
There is a stone staircase leading down here.
You see here a +0 sling.
Found an escape hatch in the floor.
No target in view!
There is an escape hatch in the floor here.
Found a stone staircase leading down.
No target in view!
c - a scroll labelled RIXTEVU EPITUO No target in view!
d - a scroll labelled HEUCUOGH GA ERESO No target in view!
Found an escape hatch in the floor.
No target in view!
c - 2 scrolls labelled RIXTEVU EPITUO (gained 1)
You see here a +0 whip.
You see here a +0 dagger.
There is a stone staircase leading down here.
You now have 8 gold pieces.
e - a fuming ruby potion No target in view!
A bat comes into view.
You hit the bat. You burn the bat.
The bat is heavily wounded.
The bat completely misses you. The bat closely misses you.
The bat hits you but does no damage. The bat barely misses you.
A bat is nearby!
You hit the bat. You burn the bat.
You kill the bat!
A kobold comes into view. It is wielding a +0 dagger.
The kobold shouts!
You hit the kobold but do no damage. The kobold barely misses you.
A kobold is nearby!
You closely miss the kobold. The kobold barely misses you.
A kobold is nearby!
You hit the kobold but do no damage. The kobold hits you but does no damage.
A kobold is nearby!
You closely miss the kobold.
The kobold hits you with a +0 dagger. x2
A kobold is nearby!
You completely miss the kobold. The kobold hits you with a +0 dagger.
A kobold is nearby!
You hit the kobold. You burn the kobold.
You kill the kobold!
You have reached level 2!
Your demonic ancestry asserts itself...
Frost condenses into a shield before you.
There is a stone staircase leading down here.
You see here a +0 dagger.
You see here a +0 whip.
There is a staircase leading out of the dungeon here.
You have escaped!

####.#########.######....###...##
.###...#######.######....# #..)#
...................##....###...##
#..#.#####.#####[#.##....##......
##.#.#...#.#...#.#.##....##......
#.###.###.###.###.########......
#....>#.....#>....# #......
#.###.###.###.###.# #......
#.#.#...#.#...#@#.# #......
#.#.#####.#####.#.# #......
#.#......>......#.# #######
##.###.#######.###.#
#....#.#.....#.#...#
...###.###.###.###.#
.#.#..>..#.#..>..#.#
##.#.###.#.#.###.#.##
#.#.#.#.#.#.#.#.#..#


There were no monsters in sight!

Vanquished Creatures
  A dart slug (D:1)
  A bat (D:1)
  A goblin (D:1)
  3 kobolds (D:1)
6 creatures vanquished.

Notes
Turn   | Place    | Note
-------+----------+-------------------------------------------
     0 | D:1      | browni3141 the Demonspawn Cinder Acolyte began the quest
                  | for the Orb.
     0 | D:1      | Reached XP level 1. HP: 18/18 MP: 2/2
   655 | D:1      | Gained mutation: A meltable shield of frost defends you.
                  | (SH +4) [demonic ancestry]
   655 | D:1      | Reached XP level 2. HP: 15/24 MP: 3/3
   742 | D:$      | Got out of the dungeon alive.

Illustrated notes

Levels and vault maps discovered:
D:1:      evilmike_arrival_hilbert_curve, layout_basic

Action                     || total
---------------------------++-------
  Melee: Mace              ||    21
 Armour: Robe              ||    13
  Dodge: Dodged            ||     9
